 Dungeon Crawl Stone Soup version 0.18.1-50-g88ac8fd (webtiles) character file.

123 go0n the Skirmisher (level 5, -4/34 HPs)
             Began as a Gargoyle Fighter on Sept 25, 2016.
             Killed by divine providence
             ... invoked by an orc priest
              (10 damage)
             ... on level 3 of the Dungeon.
             The game lasted 00:07:12 (1738 turns).

go0n the Skirmisher (Gargoyle Fighter)              Turns: 1738, Time: 00:07:12

Health: -4/34      AC: 14    Str: 20    XL:     5   Next: 7%
Magic:  5/5        EV:  7    Int:  9    God:
Gold:   120        SH: 10    Dex:  9    Spells: 0 memorised, 4 levels left

rFire  . . .     SeeInvis .     z - -2 mace (curse)
rCold  . . .     Gourm    .     b - +0 scale mail
rNeg   + . .     Faith    .     c - +1 shield
rPois  ∞         Spirit   .     m - +0 helmet
rElec  +         Dismiss  .     t - +1 cloak
rCorr  .         Reflect  .     (no gloves)
SustAt .         Harm     .     (no boots)
MR     .....                    (no amulet)
Stlth  ..........               (no ring)
                                (no ring)

@: not resistant to hostile enchantments, extremely unstealthy
A: negative energy resistance 1, electricity resistance, unbreathing,
petrification resistance, rot immunity, AC +4
a: no special abilities


You were on level 3 of the Dungeon.
You were not hungry.

You visited 1 branch of the dungeon, and saw 3 of its levels.

You collected 120 gold pieces.

Inventory:

Hand Weapons
 a - a +0 flail
 d - a +0 whip
 e - a +0 flail
 l - a +1 mace
 q - a +0 mace
 r - a +0 dagger of venom
 w - a +0 mace
 x - a +0 mace
 y - a +0 mace
 z - a cursed -2 mace (weapon)
Missiles
 k - a throwing net (quivered)
 v - 6 needles of confusion
Armour
 b - a +0 scale mail (worn)
 c - a +1 shield (worn)
 m - a +0 helmet (worn)
 t - a +1 cloak (worn)
Wands
 j - a wand of lightning (13/15)
Scrolls
 g - a scroll of identify
 p - 2 scrolls of teleportation
Comestibles
 f - a bread ration
 i - a beef jerky


   Skills:
 + Level 4.3 Fighting
 - Level 0.6 Short Blades
 * Level 3.5 Maces & Flails
 - Level 3.2 Armour
 - Level 1.4 Dodging
 - Level 3.2 Shields


You had 4 spell levels left.
You didn't know any spells.

Dungeon Overview and Level Annotations

Branches:
Dungeon (3/15)

Altars:


Innate Abilities, Weirdness & Mutations

You are resistant to torment.
Your stone body is resilient (AC +4).
You are immune to poison.
You resist negative energy.
You are resistant to electric shocks.
You can survive without breathing.
You are immune to petrification.
You are immune to rotting.


Message History

The bat hits you but does no damage. The bat barely misses you.
The orc priest looks braver for a moment.
You hit the orc.
The orc is heavily wounded.
You block the bat's attack. The orc hits you but does no damage.
The bat hits you but does no damage.
You hit the orc but do no damage.
The orc is heavily wounded.
The bat hits you but does no damage. The orc hits you but does no damage.
You block the orc's attack.
You barely miss the orc.
The orc is heavily wounded.
The bat hits you but does no damage.
The orc priest hits you but does no damage.
The orc hits you but does no damage. The bat hits you but does no damage.
The orc hits you but does no damage.
The orc priest invokes the aid of Beogh against you.
Beogh smites you!
You die...

###.#.......#.##o..##.#.......#.#
..##.#............(.......(..#.#
#.###.#.................(...#.#
#.# ##.#.................o.#)#
#.# ##.#.................#.##
..######.#...#..#.#..#...#.###
........#.######!..######.#......
..######.#...#..#o#..#...#.######
..# ##.#....8..@b...8....#.# ..#
##.#..........o........#.#
.)###.#.....8.........8.....#.#
..##.#.......................#.#
..#.#........8.......8........#.#
...#...........................#.
..#.............................
....................>..........
.....###########.....#........


You could see an orc priest, an orc and a bat.

Vanquished Creatures
  Crazy Yiuf (D:2)
  4 gnolls (D:2)
  A worm (D:2)
  A dart slug (D:1)
  2 giant geckos (D:2)
  2 orcs (D:3)
  4 bats
  A giant cockroach (D:2)
  4 goblins
  9 hobgoblins
  9 kobolds
  2 quokkas (D:2)
  2 giant newts (D:2)
  5 rats
47 creatures vanquished.

Notes
Turn   | Place    | Note
--------------------------------------------------------------
     0 | D:1      | go0n the Gargoyle Fighter began the quest for the Orb.
     0 | D:1      | Reached XP level 1. HP: 14/14 MP: 1/1
    78 | D:1      | Reached XP level 2. HP: 19/19 MP: 2/2
   590 | D:2      | Reached XP level 3. HP: 24/24 MP: 3/3
   640 | D:2      | Reached skill level 4 in Fighting
   651 | D:2      | Reached XP level 4. HP: 26/29 MP: 4/4
   745 | D:2      | Reached skill level 1 in Dodging
  1076 | D:2      | Noticed Crazy Yiuf
  1088 | D:2      | Killed Crazy Yiuf
  1538 | D:3      | Reached XP level 5. HP: 34/34 MP: 5/5
  1738 | D:3      | Killed from afar by an orc priest

Skill      XL: |  1  2  3  4 |
---------------+-------------+-----
Fighting       | 4 |  4.3
Maces & Flails | 3 |  3.5
Dodging        | 1 |  1.4
Short Blades   | |  0.6
Armour         | |  3.2
Shields        | |  3.2

Action                   |  1- 3 |  4- 6 || total
-------------------------+-------+-------++-------
Melee: Flail             |    32 |       ||    32
       Dagger            |    42 |    45 ||    87
       Mace              |    13 |    66 ||    79
  Use: Potion            |     2 |     2 ||     4
       Scroll            |       |    10 ||    10
  Eat: Chunk             |       |     2 ||     2
       Pizza             |       |     1 ||     1
Armor: Scale mail        |    35 |    75 ||   110
       Skin              |    10 |       ||    10
Dodge: Dodged            |    27 |    36 ||    63
Block: Shield            |    47 |    82 ||   129
